 Dungeon Crawl Stone Soup version 0.18-a0-1353-gf2a912f (webtiles) character file.

464 Oddball22 the Cutter (level 6, 0/38 HPs)
             Began as a High Elf Skald on Feb 19, 2016.
             Slain by Pikel
             ... wielding a +1 whip of electrocution
              (11 damage)
             ... on level 4 of the Dungeon.
             The game lasted 00:11:14 (5048 turns).

Oddball22 the Cutter (High Elf Skald)               Turns: 5048, Time: 00:11:14

Health: 0/38       AC:  3    Str: 11    XL:     6   Next: 80%
Magic:  13/13      EV: 14    Int: 16    God:
Gold:   203        SH:  0    Dex: 17    Spells: 5 memorised, 2 levels left

rFire  . . .     SeeInvis .     i - +0 blowgun
rCold  . . .     Gourm    .     b - +0 leather armour
rNeg   . . .     Faith    .     (no shield)
rPois  .         Spirit   .     (helmet restricted)
rElec  .         Dismiss  .     (no cloak)
rCorr  .         Reflect  .     (no gloves)
SustAt .         Harm     .     (no boots)
MR     .....                    (no amulet)
Stlth  +.........               (no ring)
                                (no ring)

@: not resistant to hostile enchantments, very unstealthy
A: horns 1, frail 1, MP-powered wands
a: no special abilities


You were on level 4 of the Dungeon.
You were not hungry.

You visited 1 branch of the dungeon, and saw 4 of its levels.

You collected 203 gold pieces.

Inventory:

Hand Weapons
 a - a +0 short sword
 i - a +0 blowgun (weapon)
Missiles
 j - 16 poisoned needles (quivered)
 r - 2 javelins
 z - 59 arrows
Armour
 b - a +0 leather armour (worn)
Wands
 g - a wand of slowing (12/48)
Scrolls
 e - a scroll of amnesia {unknown}
 l - 2 scrolls of teleportation {unknown}
 m - a scroll of magic mapping {unknown}
 n - a scroll of fog {unknown}
 o - 2 scrolls of noise {unknown}
 q - 3 scrolls of identify {unknown}
 s - a scroll of enchant armour {unknown}
 v - a scroll of random uselessness {unknown}
 y - a scroll of immolation {unknown}
 A - a scroll of enchant weapon {unknown}
 C - a scroll of recharging {unknown}
Potions
 h - a potion of flight {unknown}
 t - a potion of berserk rage {unknown}
 x - 2 potions of curing
Books
 c - a book of Battle

   Spells                             Type                      Level
   a - Infusion                       Charms                       1
   b - Shroud of Golubria             Charms/Translocation         2
   c - Song of Slaying                Charms                       2
   d - Spectral Weapon                Hexes/Charms                 3
   e - Regeneration                   Charms/Necromancy            3
 B - a book of Minor Magic

   Spells                             Type                      Level
   a - Magic Dart                     Conjuration                  1
   b - Blink                          Translocation                2
   c - Call Imp                       Summoning                    2
   d - Repel Missiles                 Charms/Air                   2
   e - Slow                           Hexes                        2
   f - Conjure Flame                  Conjuration/Fire             3
   g - Mephitic Cloud                 Conjuration/Poison/Air       3
Comestibles
 d - 5 bread rations
 f - a beef jerky
 k - a royal jelly
 p - 15 fruits
 u - 2 meat rations
 w - 3 chunks of flesh


   Skills:
 + Level 4.1 Fighting
 + Level 4.7 Short Blades
 - Level 0.8 Armour
 + Level 4.1 Dodging
 + Level 4.3 Spellcasting
 - Level 3.6 Charms


You had 2 spell levels left.
You knew the following spells:

 Your Spells              Type           Power        Failure   Level  Hunger
a - Infusion              Chrm           ###.         6%          1    None
b - Song of Slaying       Chrm           ###.....     10%         2    ##.....
c - Shroud of Golubria    Chrm/Tloc      #.........   17%         2    ##.....
d - Regeneration          Chrm/Necr      #.........   34%         3    ###....
e - Spectral Weapon       Hex/Chrm       #.......     34%         3    ###....


Dungeon Overview and Level Annotations

Branches:
Dungeon (4/15)
 Temple: D:4-7

Altars:
Qazlal
Ru
Sif Muna

Shops:
D:4 =

Annotations:
D:4 Blork the orc, Pikel


Innate Abilities, Weirdness & Mutations

You have a pair of small horns on your head.
You are frail (-10% HP).
You expend magic power (3 MP) to strengthen your wands.


Message History

The poisoned needle barely misses Pikel.
The poisoned needle barely misses the slave.
Pikel closely misses you.
Firing (i - inventory. (,) - cycle):
j - 18 poisoned needles (quivered)
Press: ? - help, Shift-Dir - straight line, f/p - Pikel
Aim: Pikel, wielding a whip of electrocution and wearing a robe (heavily wounded, poisoned)
You shoot a poisoned needle.
The poisoned needle closely misses Pikel.
The poisoned needle closely misses the slave.
Pikel hits you but does no damage.
You are electrocuted!
Ouch! That really hurt!
* * * LOW HITPOINT WARNING * * *
Firing (i - inventory. (,) - cycle):
j - 17 poisoned needles (quivered)
Press: ? - help, Shift-Dir - straight line, f/p - Pikel
Aim: Pikel, wielding a whip of electrocution and wearing a robe (heavily wounded, poisoned)
You shoot a poisoned needle.
The poisoned needle closely misses Pikel.
The poisoned needle barely misses the slave.
Pikel hits you with a whip of electrocution!
You die...

....# #.#.#######.# .#.##
#....## .#.# ##....∩## .#.#
#.......# .#.# #.......# .#.#
############.....#.# .#p#
#.........##......<..
.#.#####.###........##.##.....
.........# #.###@#####.# #####
##.#####.# #.# #K# #.#
##.#####.###.##pp. #.#
.......)...........
########.###.##...## #.#
.###.## #.. #.# #.## #(# #.#


You could see Pikel and 2 slaves.

Vanquished Creatures
  Grinder (D:3)
  2 slaves (D:4)
  A giant frog skeleton (D:4)
  Terence (D:3)
  Natasha (D:2)
  3 gnolls (D:3)
  4 adders
  2 oozes (D:2)
  A worm (D:4)
  7 giant geckos
  An orc (D:3)
  A ball python (D:3)
  10 bats
  6 giant cockroaches
  18 goblins
  7 hobgoblins
  8 jackals
  4 quokkas (D:4)
  5 giant newts
  9 kobolds
  7 rats
99 creatures vanquished.

Notes
Turn   | Place    | Note
--------------------------------------------------------------
     0 | D:1      | Oddball22 the High Elf Skald began the quest for the Orb.
     0 | D:1      | Reached XP level 1. HP: 14/14 MP: 4/4
   451 | D:1      | Reached XP level 2. HP: 19/19 MP: 2/6
  1035 | D:2      | Reached XP level 3. HP: 7/25 MP: 1/8
  2117 | D:2      | Reached XP level 4. HP: 24/30 MP: 4/9
  2399 | D:2      | Noticed Natasha
  2404 | D:2      | Learned a level 2 spell: Song of Slaying
  2417 | D:2      | Learned a level 2 spell: Shroud of Golubria
  2421 | D:2      | Learned a level 3 spell: Regeneration
  2449 | D:2      | Killed Natasha
  2918 | D:3      | Found a sacrificial altar of Ru.
  2943 | D:3      | Reached XP level 5. HP: 36/36 MP: 6/11
  3549 | D:3      | Noticed Grinder
  3561 | D:3      | Gained mutation: You expend magic power (3 MP) to strengthen your wands. [potion of mutation]
  3561 | D:3      | Gained mutation: You are frail (-10% HP). [potion of mutation]
  3561 | D:3      | Gained mutation: You have a pair of small horns on your head. [potion of mutation]
  3564 | D:3      | Paralysed by Grinder for 2 turns
  3575 | D:3      | Killed Grinder
  3575 | D:3      | Reached skill level 4 in Short Blades
  3575 | D:3      | Reached XP level 6. HP: 31/38 MP: 10/13
  3809 | D:3      | Noticed Terence
  3840 | D:3      | Killed Terence
  4090 | D:3      | Found a stormy altar of Qazlal.
  4168 | D:4      | Learned a level 3 spell: Spectral Weapon
  4180 | D:4      | Found a deep blue altar of Sif Muna.
  4360 | D:4      | Noticed a slave
  4361 | D:4      | Noticed Pikel
  4414 | D:4      | Killed a slave
  4599 | D:4      | Noticed Blork the orc
  4781 | D:4      | Noticed a slave
  4782 | D:4      | Noticed a slave
  4818 | D:4      | Killed a slave
  5015 | D:4      | Found Oboatisch's Jewellery Boutique.
  5043 | D:4      | Noticed a slave
  5048 | D:4      | Slain by Pikel

Vault maps used:
D:1:      ncdulo_watergridlock
D:2:      wad_crossroads, roderic_serpentine_path, uniq_natasha
D:3:      nicolae_overflow_hidden_temple, nicolae_ru_sacrificial_ziggurat,
          first_bread, serial_glass, glass_columns_a, glass_columns_c,
          glass_columns_b, glass_columns_b, uniq_terence, uniq_grinder
D:4:      led_sif_book, minmay_temple_entry_fiery, serial_shops, shop,
          uniq_pikel, uniq_blork_the_orc

Action                   |  1- 3 |  4- 6 || total
-------------------------+-------+-------++-------
Melee: Short sword       |   147 |   220 ||   367
 Fire: Blowgun           |       |    14 ||    14
 Cast: Infusion          |     6 |    13 ||    19
       Shroud of Golubri |       |    10 ||    10
       Regeneration      |       |     2 ||     2
       Song of Slaying   |       |     1 ||     1
  Use: Potion            |       |     8 ||     8
 Stab: Sleeping          |     3 |     1 ||     4
  Eat: Chunk             |     4 |    10 ||    14
